 Dungeon Crawl Stone Soup version 0.23-a0-54-gae6112e (webtiles) character file.

32 Amnesiac the Conjurer (level 3, 0/24 HPs)
             Began as a Mummy Conjurer on Aug 8, 2018.
             Slain by a bat (1 damage)
             ... on level 2 of the Dungeon.
             The game lasted 00:01:26 (669 turns).

Amnesiac the Conjurer (Mummy Conjurer)               Turns: 669, Time: 00:01:26

Health: 0/24       AC:  2    Str: 11    XL:     3   Next: 10%
Magic:  0/8        EV: 12    Int: 15    God:
Gold:   13         SH:  0    Dex: 12    Spells: 6/9 levels left

rFire    x . .     SeeInvis .   g - -3 spear (curse)
rCold    + . .     Gourm    .   (no shield)
rNeg     + + +     Faith    .   a - +0 robe
rPois    ∞         Spirit   .   (no helmet)
rElec    .         Reflect  .   (no cloak)
rCorr    .         Harm     +   (no gloves)
MR       .....                  (no boots)
Stlth    ++........             c - amulet of harm
HPRegen  0.08/turn              (no ring)
MPRegen  0.11/turn              (no ring)

@: no status effects
A: no food or potions, fire vulnerability, cold resistance 1, negative energy
resistance 3, torment resistance, unbreathing
a: no special abilities


You were on level 2 of the Dungeon.
You were not hungry.

You visited 1 branch of the dungeon, and saw 2 of its levels.

You collected 13 gold pieces.

Inventory:

Hand Weapons
 e - a +0 dagger
 g - a cursed -3 spear (weapon)
Armour
 a - a +0 robe (worn)
Jewellery
 c - an amulet of harm (around neck)
Scrolls
 b - a scroll of enchant armour {!r, unknown}
 d - 2 scrolls of remove curse {!r}
 f - a scroll of noise {!r, unknown}


   Skills:
 - Level 1.5 Dodging
 - Level 1.5 Stealth
 + Level 3.6 Spellcasting
 * Level 3.8 Conjurations


You had 6 spell levels left.
You knew the following spells:

 Your Spells              Type           Power        Failure   Level  Hunger
a - Magic Dart            Conj           ##..         4%          1    N/A
d - Searing Ray           Conj           ##....       6%          2    N/A

Your spell library contained the following spells:

 Spells                   Type           Power        Failure   Level  Hunger
 Iskenderun's Mystic Bla  Conj           ##......     36%         4    N/A
 Fulminant Prism          Conj/Hex       #.........   65%         4    N/A
 Dazzling Spray           Conj/Hex       #.....       26%         3    N/A
 Force Lance              Conj/Tloc      #.......     65%         4    N/A

Dungeon Overview and Level Annotations

Branches:
Dungeon (2/15)

Altars:

Annotations:
D:2 Terence


Innate Abilities, Weirdness & Mutations

You do not eat or drink.
Your flesh is vulnerable to fire.
You are immune to poison.
Your flesh is cold resistant. (rC+)
You are immune to negative energy. (rN+++)
You are immune to unholy pain and torment.
You can survive without breathing.


Message History

The bat completely misses you. The adder misses you.
Wield which item (- for none, * to show all)? (? for menu, Esc to quit)
It sticks to your hand!
g - a cursed -3 spear (weapon)
The adder closely misses you. The bat hits you but does no damage.
The adder completely misses you.
Casting: Magic Dart (safe; 4% risk of failure)
Confirm with . or Enter, or press ? or * to list all spells.
Aiming: Magic Dart (safe; 4% risk of failure)
Press: ? - help, Shift-Dir - straight line, f/p - adder
Aim: an adder (moderately wounded)
The magic dart hits the adder.
The adder is almost dead.
The bat hits you. The adder barely misses you.
Unknown command.
The bat barely misses you.
A bat comes into view.
The bat hits you but does no damage. The adder bites you.
* * * LOW HITPOINT WARNING * * *
The bat moves out of view.
Terence the Incautious comes into view.
He is wielding a flail.
Your magical contamination has completely faded away.
The bat completely misses you. The bat hits you.
* * * LOW HITPOINT WARNING * * *
A kobold comes into view. It is wielding a hand axe.
The kobold shouts!
The bat barely misses you.
Found a small sapphire ring.
The bat hits you.
* * * LOW HITPOINT WARNING * * *
Terence throws a stone.
The stone closely misses you. The adder bites you.
* * * LOW HITPOINT WARNING * * *
Casting: Magic Dart (safe; 4% risk of failure)
Confirm with . or Enter, or press ? or * to list all spells.
Aiming: Magic Dart (safe; 4% risk of failure)
Press: ? - help, Shift-Dir - straight line, f/p - adder
Aim: an adder (almost dead)
The magic dart hits the adder.
The adder is almost dead.
The adder bites you.
* * * LOW HITPOINT WARNING * * *
Unknown command.
You see here a stone.
Evoke which item? (* to show all) (? for menu, Esc to quit)
Okay, then.
The adder misses you.
Casting: Magic Dart (safe; 4% risk of failure)
Confirm with . or Enter, or press ? or * to list all spells.
Aiming: Magic Dart (safe; 4% risk of failure)
Press: ? - help, Shift-Dir - straight line, f/p - adder
Aim: an adder (almost dead)
The magic dart hits the adder.
You kill the adder!
You have reached level 3!
Your experience leads to an increase in your attributes!
Increase (S)trength, (I)ntelligence, or (D)exterity?
You feel clever. The bat hits you.
* * * LOW HITPOINT WARNING * * *
The bat hits you but does no damage. The bat closely misses you.
The bat hits you.
You die...

.....#..#..##.#.#
.b....K.......#.#######
....##@####...........
... #K# #...........
.... #.# ##..........
......#@#####..........
........†..............
#....###)b.............
..#.####.@.............
#......#b##..........
###....#.##.......$..
.....#..#.##$.........
#..####...######.#####
.. #....# .# . #....##
# ##....# #.###<..#


You could see Terence, 2 bats and a kobold.

Vanquished Creatures
  An adder (D:2)
  2 ball pythons
  9 bats (D:1)
  2 giant cockroaches (D:1)
  2 goblins (D:1)
  A hobgoblin (D:2)
  A kobold (D:1)
  A quokka (D:2)
  2 rats
21 creatures vanquished.

Notes
Turn   | Place    | Note
-------+----------+-------------------------------------------
     0 | D:1      | Amnesiac the Mummy Conjurer began the quest for the Orb.
     0 | D:1      | Reached XP level 1. HP: 13/13 MP: 4/4
   188 | D:1      | Reached XP level 2. HP: 16/19 MP: 0/6
   197 | D:1      | Learned a level 2 spell: Searing Ray
   656 | D:2      | Noticed Terence
   667 | D:2      | Reached XP level 3. HP: 1/24 MP: 0/8
   667 | D:2      | HP: 1/24 [bat (1)]
   669 | D:2      | Slain by a bat

Vault maps used:
D:1:      evilmike_arrival_fibonacci_small, serial_forest,
          infiniplex_forest_diagonal, infiniplex_forest_end_1,
          infiniplex_forest_straight_1, infiniplex_forest_clump_tiny,
          infiniplex_forest_clump_diagonal
D:2:      uniq_terence

Skill      XL: |  1 |
---------------+----+-----
Spellcasting   | 3 |  3.6
Dodging        | |  1.5
Stealth        | |  1.5
Conjurations   | |  3.8

Action                   || total
-------------------------++-------
Melee: Dagger            ||    26
       Unarmed           ||     1
 Cast: Magic Dart        ||    38
       Searing Ray       ||     1
  Use: Scroll            ||     1
Armor: Robe              ||    17
Dodge: Dodged            ||    51

Table legend:
 A = Spawn XP
 B = Non-spawn XP
 C = Spawn XP percentage of total XP
 D = Spawn monster count
 E = Non-spawn monster count
 F = Spawn count percentage of total count
 G = Total turns spent on level
                    A         B        C        D         E        F      G
               +---------+---------+-------+---------+---------+-------+---------
         Total |       0 |      47 |   0.0 |       0 |      21 |   0.0 |   669
               +---------+---------+-------+---------+---------+-------+---------
           D:1 |       0 |      27 |   0.0 |       0 |      16 |   0.0 |   548
           D:2 |       0 |      20 |   0.0 |       0 |       5 |   0.0 |   121
               +---------+---------+-------+---------+---------+-------+---------
